 Dungeon Crawl Stone Soup version 0.29-a0-878-g7b45a56547 (webtiles) character file.

Game seed: 14682448824880232689

263833 Malachi the Sage (level 20, -17/205 HPs)
             Began as a Gnoll Air Elementalist on July 17, 2022.
             Was a High Priest of Sif Muna.
             Killed from afar by an ancient champion (34 damage)
             ... with an iron shot
             ... while paralysed by a great orb of eyes
             ... on level 2 of the Vaults on July 20, 2022.
             The game lasted 02:53:24 (61261 turns).

Malachi the Sage (Gnoll Air Elementalist)          Turns: 61261, Time: 02:53:25

Health: -17/205    AC: 34    Str: 12    XL:     20   Next: 3%
Magic:  10/38      EV:  2    Int: 29    God:    Sif Muna [*****.]
Gold:   160        SH:  0    Dex: 21    Spells: 5/48 levels left

rFire   . . .      SeeInvis +   k - +9 arbalest (flame)
rCold   . . .      Faith    .   (shield currently unavailable)
rNeg    + + .      Spirit   .   (body armour currently unavailable)
rPois   ∞          Reflect  +   E - +3 crown of Dyrovepreva {rElec Int+2 SInv}
rElec   +          Harm     .   T - scarf {repulsion}
rCorr   +          Rampage  .   (gloves currently unavailable)
Will    ++...                   (boots currently unavailable)
Stlth   ++++++....              l - amulet of reflection
HPRegen 0.44/turn               X - ring of the Scarab {rCorr Str+4 Dex+6}
MPRegen 0.26/turn               L - ring of Jostruram {Contam rN+ Will+ rCorr Int+6}

@: paralysed, statue-form, marked, invisible, repel missiles
A: slow and powerful, torment resistance 1, boosted hp, fangs 1, strong nose,
distributed training, mutation resistance 2
}: 2/15 runes: decaying, serpentine
a: End Transformation, Renounce Religion, Channel Magic, Forget Spell, Divine
Exegesis


You were on level 2 of the Vaults.
You worshipped Sif Muna.
Sif Muna was extremely pleased with you.
You were a living statue of rough stone.
You visited 7 branches of the dungeon, and saw 34 of its levels.
You visited 1 bazaar.
You also visited: Ossuary and Bailey.

You collected 3774 gold pieces.
You spent 3614 gold pieces at shops.

Inventory:

Hand Weapons
 k - a +9 arbalest of flaming (weapon)
 G - the +9 staff of Wucad Mu {*channel}
   (You found it in a bailey)

   It occasionally powers its wielder's spells, but with a chance of causing
   confusion or draining the wielder's intelligence.
   It becomes more likely to activate and less likely to backfire with increased
   Evocations skill.
Missiles
 z - 13 curare-tipped darts
 H - 3 throwing nets
Armour
 x - a +2 robe of the Archmagi (melded)
 E - the +3 crown of Dyrovepreva (worn) {rElec Int+2 SInv}
   (You bought it in a shop on level 1 of the Vaults)

   Int:       It affects your intelligence (+2).
   rElec:     It insulates you from electricity.
   SInv:      It lets you see invisible.
 I - a +0 pair of gloves (melded)
 T - a scarf of repulsion (worn)
 W - a +0 pair of boots (melded)
Jewellery
 l - an amulet of reflection (around neck)
 m - a ring of willpower
 K - a ring of flight
 L - the ring of Jostruram (right fist) {Contam rN+ Will+ rCorr Int+6}
   (You bought it in a shop on level 2 of the Orcish Mines)

   [ring of willpower]

   Int:       It affects your intelligence (+6).
   rN:        It protects you from negative energy.
   Contam:    It causes magical contamination when unequipped.
   rCorr:     It protects you from acid and corrosion.
   Will:      It increases your willpower.
 X - the ring of the Scarab (left fist) {rCorr Str+4 Dex+6}
   (You found it on level 1 of the Swamp)

   [ring of resist corrosion]

   Str:       It affects your strength (+4).
   Dex:       It affects your dexterity (+6).
   rCorr:     It protects you from acid and corrosion.
 Y - a ring of wizardry
Wands
 j - a wand of paralysis (20)
 u - a wand of quicksilver (9)
 B - a wand of iceblast (33)
 S - a wand of digging (20)
 U - a wand of polymorph (12)
Scrolls
 d - 12 scrolls of summoning
 f - 10 scrolls of teleportation
 n - 5 scrolls of torment
 p - 4 scrolls of fog
 y - 3 scrolls of brand weapon
 A - 4 scrolls of enchant armour
 C - 4 scrolls of immolation
 D - 2 scrolls of fear
 J - 2 scrolls of silence
 M - a scroll of enchant weapon
 O - 4 scrolls of vulnerability
 V - 4 scrolls of magic mapping
Potions
 a - 6 potions of lignification
 b - 7 potions of magic
 c - 15 potions of curing
 i - 12 potions of heal wounds
 o - 4 potions of cancellation
 q - 8 potions of attraction
 r - 8 potions of brilliance
 s - 3 potions of might
 w - 2 potions of berserk rage
 F - 2 potions of invisibility
 N - 2 potions of ambrosia
 Q - a potion of resistance
 R - 4 potions of haste
Miscellaneous
 g - a lightning rod (4/4)
 h - a phantom mirror
 t - a condenser vane
 v - a piece from Xom's chessboard (15/15)
 P - a box of beasts


   Skills:
 + Level 13.9 Fighting
 + Level 13.9 Short Blades
 + Level 13.9 Long Blades
 + Level 13.9 Axes
 + Level 13.9 Maces & Flails
 + Level 13.9 Polearms
 + Level 13.9 Staves
 + Level 13.9 Ranged Weapons
 + Level 13.9 Throwing
 + Level 13.9 Armour
 + Level 14.6 Dodging
 + Level 14.5 Stealth
 + Level 13.9 Shields
 + Level 13.9 Unarmed Combat
 + Level 14.7 Spellcasting
 + Level 12.0 Conjurations
 + Level 11.8 Hexes
 + Level 11.8 Summonings
 + Level 11.8 Necromancy
 + Level 11.8 Translocations
 + Level 11.8 Transmutations
 + Level 11.8 Fire Magic
 + Level 11.8 Ice Magic
 + Level 13.0 Air Magic
 + Level 11.8 Earth Magic
 + Level 11.8 Poison Magic
 + Level 15.1 Invocations
 + Level 13.9 Evocations


You had 5 spell levels left.
You knew the following spells:

 Your Spells              Type           Power      Damage    Failure   Level
a - Eringya's Noxious Bo  Tmut/Pois      37%        N/A       2%          6
b - Static Discharge      Conj/Air       76%        3-13/arc  1%          2
c - Swiftness             Air            77%        N/A       1%          3
d - Airstrike             Air            38%        0-12+     1%          4
e - Tukima's Dance        Hex            74%        N/A       1%          3
f - Freezing Cloud        Conj/Ice/Air   37%        6-21      1%          5
g - Borgnjor's Vile Clut  Necr/Erth      37%        N/A       1%          5
h - Irradiate             Conj/Tmut      37%        3d24      1%          5
i - Statue Form           Tmut/Erth      49%        N/A       2%          6
j - Dispel Undead         Necr           74%        3d25      1%          4

Your spell library contained the following spells:

 Spells                   Type           Power      Damage    Failure   Level
 Magic Dart               Conj           100%       1d8       0%          1
 Shock                    Conj/Air       100%       1d9       0%          1
 Foxfire                  Conj/Fire      100%       2x1d9     1%          1
 Sting                    Tmut/Pois      100%       1d8       1%          1
 Blink                    Tloc           100%       N/A       1%          2
 Call Imp                 Summ           74%        N/A       1%          2
 Ensorcelled Hibernation  Hex/Ice        100%       N/A       1%          2
 Passwall                 Tmut/Erth      61%        N/A       1%          2
 Scorch                   Fire           100%       2d10      1%          2
 Sublimation of Blood     Necr           74%        N/A       1%          2
 Call Canine Familiar     Summ           74%        N/A       1%          3
 Conjure Flame            Conj/Fire      74%        6-21      1%          3
 Dazzling Flash           Conj/Hex       100%       N/A       1%          3
 Ignite Poison            Fire/Tmut/Pois 74%        N/A       1%          3
 Inner Flame              Hex/Fire       74%        N/A       1%          3
 Mephitic Cloud           Conj/Pois/Air  75%        N/A       1%          3
 Ozocubu's Armour         Ice            74%        N/A       1%          3
 Portal Projectile        Hex/Tloc       100%       N/A       1%          3
 Spider Form              Tmut/Pois      74%        N/A       1%          3
 Stone Arrow              Conj/Erth      100%       3d13      1%          3
 Anguish                  Hex/Necr       37%        N/A       1%          4
 Animate Armour           Summ/Erth      100%       N/A       1%          4
 Animate Dead             Necr           74%        N/A       1%          4
 Corpse Rot               Necr/Pois/Air  75%        N/A       1%          4
 Flame Wave               Conj/Fire      74%        2d13      1%          4
 Fulminant Prism          Conj/Hex       37%        3d18      1%          4
 Leda's Liquefaction      Hex/Erth       37%        N/A       1%          4
 Olgreb's Toxic Radiance  Pois           74%        N/A       1%          4
 Passage of Golubria      Tloc           74%        N/A       1%          4
 Petrify                  Tmut/Erth      74%        N/A       1%          4
 Summon Lightning Spire   Summ/Air       76%        N/A       1%          4
 Blade Hands              Tmut           37%        N/A       1%          5
 Fireball                 Conj/Fire      37%        3d15      1%          5
 Iskenderun's Battlesphe  Conj           74%        2d12      1%          5
 Lightning Bolt           Conj/Air       38%        1d56      1%          5
 Manifold Assault         Tloc           74%        N/A       1%          5
 Metabolic Englaciation   Hex/Ice        37%        N/A       1%          5
 Silence                  Hex/Air        38%        N/A       1%          5
 Summon Forest            Summ/Tloc      37%        N/A       1%          5
 Yara's Violent Unravell  Hex/Tmut       37%        3d15      1%          5
 Conjure Ball Lightning   Conj/Air       38%        3x3d12    1%          6
 Death Channel            Necr           37%        N/A       2%          6
 Dispersal                Tloc           37%        N/A       2%          6
 Iron Shot                Conj/Erth      37%        9d7       2%          6
 Summon Cactus Giant      Summ           37%        N/A       2%          6
 Storm Form               Tmut/Air       38%        N/A       12%         7
 Orb of Destruction       Conj           37%        9d11      14%         7
 Haunt                    Necr/Summ      37%        N/A       16%         7
 Ozocubu's Refrigeration  Ice            37%        4d12      16%         7
 Maxwell's Capacitive Co  Air            38%        ∞         58%         8
 Borgnjor's Revivificati  Necr           37%        N/A       75%         8
 Discord                  Hex            37%        N/A       75%         8
 Disjunction              Tloc           37%        N/A       75%         8
 Lehudib's Crystal Spear  Conj/Erth      37%        10d9      75%         8
 Necromutation            Tmut/Necr      37%        N/A       75%         8
 Chain Lightning          Conj/Air       38%        3d50      100%        9
 Death's Door             Necr           37%        N/A       100%        9
 Shatter                  Erth           37%        3d29*     100%        9


Dungeon Overview and Level Annotations

Branches:
Dungeon (15/15)            Temple (1/1) D:7            Lair (6/6) D:11
  Swamp (4/4) Lair:2        Snake (4/4) Lair:3        Slime (0/5) Lair:5
    Orc (2/2) D:9             Elf (0/3) Orc:2        Vaults (2/5) D:14
  Crypt (0/3) Vaults:2     Depths (0/4) D:15        Ossuary (visited)
 Bailey (visited)

Altars:
Ashenzari
Cheibriados
Dithmenos
Elyvilon
Fedhas
Gozag
Hepliaklqana
Kikubaaqudgha
Makhleb
Nemelex Xobeh
Okawaru
Qazlal
Ru
Sif Muna
Trog
Uskayaw
Vehumet
Wu Jian
Xom
Yredelemnul
Zin
The Shining One
Jiyva

Shops:
D:12 *   Orc:2 [==   Vaults:1 *

Portals:
Trove: D:10 (give +6 demon whip)

Annotations:
D:10 3 runed translucent doors, exclusion: 3 doors
Vaults:1 exclusion: vault warden


Innate Abilities, Weirdness & Mutations

You are a living statue of rough stone.
Your actions are slow, but your melee attacks are powerful.
You are resistant to unholy torment.
Your maximum health is greatly increased.
You are immune to poison.
Your equipment is partially melded.
You have very sharp teeth.
Your uncanny sense of smell can sniff out nearby items.
Your experience applies equally to all skills.
You are somewhat resistant to both further mutation and mutation removal.


Message History

The vault warden activates a sealing rune.
You block the sphinx's attack. x2; The sphinx hits you!
* * * LOW HITPOINT WARNING * * *
The storm dragon bites you!
* * * LOW HITPOINT WARNING * * *
You block the storm dragon's attack.
The storm dragon tramples you but does no damage.
The ancient champion festers in the toxic bog.
The ancient champion becomes momentarily stuck in the toxic bog.
The orc warlord festers in the toxic bog!
The orc warlord looks as sick as possible!
The orc warlord becomes momentarily stuck in the toxic bog.
You fade into invisibility!
The ancient champion festers in the toxic bog.
The ancient champion closely misses you.
The storm dragon bites you!
* * * LOW HITPOINT WARNING * * *
The storm dragon completely misses you. The storm dragon closely misses you.
The sphinx mumbles some strange words.
You resist with almost no effort. The great orb of eyes gazes at you.
You suddenly lose the ability to move!
The yaktaur wields a +0 arbalest.
The yaktaur shoots a bolt.
The bolt hits the sphinx!!
The orc warlord festers in the toxic bog!
The orc warlord looks as sick as possible!
You kill the orc warlord!
Sif Muna accepts your kill.
The ancient champion festers in the toxic bog.
The ancient champion hits you but does no damage.
The sphinx hits you.
* * * LOW HITPOINT WARNING * * *
The sphinx hits you but does no damage. The sphinx hits you.
* * * LOW HITPOINT WARNING * * *
The storm dragon breathes lightning at you.
The bolt of lightning hits you but does no damage.
You resist.
Your noxious spew wanes.
The ancient champion gestures at you while chanting.
The iron shot hits you!!
You die...

*,,*,*,,*,,** #...p...#..c..#
+,,,*,,,+,,,*#####'####.cc..#
*,,*,*,,*,,**#.....p# *^,,,,*
* *,*,,,*,*,** #....c.#
*,,,,,***** **,,,,,***,*
#.....p# *,,,,,+,,,,
****+****,,* #....).#
*,,,,,*,,*, ,*,,,,,*,,,*
#".9...# *,,,,,+,,*,
,,*,,,*,,,,* #.GHz..#
*,,,^,*,,,, ****,*******
#.D8)..# *,,,,,*,,,, ***
#......# *,,,,,*,,,, #......#
*,,,,,+,*,, #......#
*,,,,,*****
*************#####+##**,,,,,*
*
,,,,,,,,,,,,,,,,,,,,,,,,,,,,*
*
,,,,,,,,,,,,,,,,,,,,,,,,,,,,*
*
,,,,,,,,,,,,,,,,,,,,,,,,,,,,*
*
,,,,,,,,,,,,,,,,,,,,,,,,,,,,*
*


You could see an ironbound preserver (unable to see you, very poisoned), a storm
dragon (unable to see you), a sphinx, a vault warden, an ancient champion (fast,
unable to see you), a great orb of eyes, a war gargoyle and a yaktaur (unable to
see you).

Vanquished Creatures
  Mara (Snake:3)
  Saint Roka (Snake:4)
  Jorgrun (Orc:2)
  2 quicksilver dragons (Snake:4)
  Frances (Swamp:1)
  Agnes (D:15)
  Kirke (D:15)
  A thorn hunter (Swamp:4)
  2 azure jellies (Swamp:4)
  A fenstrider witch (Swamp:4)
  A fire giant (Vaults:1)
  Roxanne (Swamp:1)
  Louise (Snake:4)
  Aizul (Snake:3)
  5 orc warlords
  3 vault wardens
  2 ghouls (Swamp:2)
  A stone giant (Vaults:2)
  5 ironbound preservers
  4 ironbound thunderhulks
  6 very ugly things (Vaults:1)
  7 dire elephants
  4 eleionomae
  Azrael (D:15)
  2 bunyips
  2 ettins
  3 yaktaur captains (Vaults:1)
  Harold (Orc:1)
  2 ice dragons (Swamp:4)
  2 shambling mangroves
  12 hydras
  2 boulder beetles
  7 salamander tyrants
  8 vault guards (D:14)
  A ghost crab (Swamp:4)
  11 naga warriors
  10 anacondas
  An ironbound frostheart (Vaults:1)
  6 alligators
  Erica (Orc:1)
  6 catoblepae
  9 centaur warriors
  4 two-headed ogres
  20 death yaks
  A deep troll earth mage (Vaults:1)
  2 tengu warriors
  2 orc high priests
  6 shock serpents
  Nergalle (Lair:1)
  Urug (Lair:6)
  Sonja (Orc:1)
  6 naga sharpshooters
  4 goliath frogs
  14 deep trolls
  4 spriggan druids
  5 wizards
  A flayed ghost (D:9)
  9 naga ritualists
  2 bog bodies
  Pikel (D:7)
  12 lindwurms
  2 deep elf pyromancers
  9 orc knights
  2 swamp dragons (Swamp:4)
  10 mana vipers
  4 oklob plants (Lair:5)
  3 manticores
  9 orc sorcerers
  A necromancer (Vaults:1)
  2 will-o-the-wisps
  2 cyclopes
  13 ironbound convokers
  A fire giant zombie (Vaults:1)
  22 ugly things
  9 salamanders
  11 guardian serpents
  6 elephants
  39 black mambas
  Joseph (D:7)
  A guardian serpent (shapeshifter) (D:14)
  3 torpor snails
  A stone giant skeleton (Vaults:1)
  6 vault sentinels
  15 naga magi
  8 cane toads
  A gargoyle (D:13)
  An unseen horror (D:10)
  Psyche (D:8)
  A demonic crawler (Lair:6)
  12 yaktaurs
  5 rime drakes
  8 komodo dragons
  An efreet (D:13)
  6 freezing wraiths
  2 human zombies (Vaults:1)
  A tengu conjurer (D:14)
  8 trolls
  A troll (shapeshifter) (D:15)
  A bloated husk (Swamp:1)
  11 hornets
  A polar bear (Lair:2)
  5 tyrant leeches
  6 saltlings (Orc:2)
  9 slime creatures
  16 blink frogs
  Sigmund (D:3)
  An ettin skeleton (Vaults:1)
  3 shadows
  5 wraiths
  5 wyverns
  A vampire (D:12)
  7 spriggans
  49 yaks
  17 fire bats (D:9)
  4 fire elementals (D:15)
  2 swamp worm simulacra (Swamp:4)
  3 steam dragons (D:7)
  4 basilisks
  4 hogs (D:15)
  2 vampire mosquitoes (D:12)
  19 swamp worms
  34 nagas
  2 acid dragons
  3 wargs (Orc:2)
  A floating eye (shapeshifter) (Vaults:1)
  16 water moccasins
  Duvessa (D:7)
  4 hell hounds (D:15)
  11 hydra simulacra (Swamp:4)
  A swamp drake (Swamp:2)
  5 sky beasts (D:7)
  2 black bears (Lair:2)
  38 orc warriors
  8 ogres
  4 boggarts (Vaults:1)
  24 wolves
  11 centaurs
  6 kobold brigands
  2 phantoms
  17 bullfrogs
  2 necrophages
  3 scorpions
  6 gnoll sergeants (D:9)
  4 wights (D:10)
  3 water moccasin zombies (Ossuary)
  Dowan (D:7)
  10 killer bees
  A howler monkey (D:6)
  8 electric eels
  Crazy Yiuf (D:2)
  7 hounds
  15 orc priests
  A gnoll bouda (D:9)
  An iron imp (D:9)
  2 iguanas
  3 jellies
  Jessica (D:2)
  Terence (D:2)
  18 orc wizards
  7 hell rats (Lair:3)
  2 mummies (Ossuary)
  11 gnolls
  8 adders
  A shadow imp (D:7)
  3 white imps (D:6)
  6 swamp drake simulacra (Swamp:4)
  An ufetubus (D:7)
  5 adder zombies (Ossuary)
  3 worms
  2 dart slugs
  101 orcs
  11 endoplasms
  3 giant cockroaches
  3 goblins
  5 hobgoblins
  4 jackals (D:2)
  12 kobolds
  A quokka (D:4)
  11 ball pythons
  87 bats
  4 frilled lizards
  5 gnoll zombies (Ossuary)
  7 hobgoblin zombies (Ossuary)
  3 kobold zombies (Ossuary)
  2 orc zombies (Ossuary)
  5 rats
  A pillar of salt (Orc:2)
1232 creatures vanquished.

Vanquished Creatures (collateral kills)
  A yak (D:10)
  An ogre (D:7)
  A gnoll sergeant (D:10)
3 creatures vanquished.

Vanquished Creatures (others)
  A guardian serpent (Snake:4)
  A bloated husk (Swamp:1)
  3 dancing weapons
  2 swamp worms (Swamp:4)
  A bat (D:9)
  9 bushes (Lair:5)
  12 foxfires
  79 fungi
  A pillar of salt (Orc:2)
  83 plants
192 creatures vanquished.

Grand Total: 1427 creatures vanquished

Notes
Turn   | Place    | Note
-------+----------+-------------------------------------------
     0 | D:1      | Malachi the Gnoll Air Elementalist began the quest for the
                  | Orb.
     0 | D:1      | Reached XP level 1. HP: 13/13 MP: 6/6
   142 | D:1      | Reached XP level 2. HP: 19/20 MP: 1/7
   480 | D:1      | Reached skill level 5 in Spellcasting
   480 | D:1      | Reached XP level 3. HP: 25/25 MP: 0/9
   915 | D:2      | Reached skill level 1 in Invocations
   919 | D:2      | Reached skill level 1 in Fighting
   919 | D:2      | Reached skill level 1 in Short Blades
   919 | D:2      | Reached skill level 1 in Long Blades
   919 | D:2      | Reached skill level 1 in Axes
   919 | D:2      | Reached skill level 1 in Maces & Flails
   919 | D:2      | Reached skill level 1 in Polearms
   919 | D:2      | Reached skill level 1 in Staves
   919 | D:2      | Reached skill level 1 in Ranged Weapons
   919 | D:2      | Reached skill level 1 in Throwing
   919 | D:2      | Reached skill level 1 in Armour
   919 | D:2      | Reached skill level 1 in Shields
   919 | D:2      | Reached skill level 1 in Unarmed Combat
   919 | D:2      | Reached skill level 1 in Evocations
   919 | D:2      | Reached XP level 4. HP: 21/32 MP: 3/11
  1190 | D:2      | Reached skill level 1 in Hexes
  1190 | D:2      | Reached skill level 1 in Summonings
  1190 | D:2      | Reached skill level 1 in Necromancy
  1190 | D:2      | Reached skill level 1 in Translocations
  1190 | D:2      | Reached skill level 1 in Transmutations
  1190 | D:2      | Reached skill level 1 in Fire Magic
  1190 | D:2      | Reached skill level 1 in Ice Magic
  1190 | D:2      | Reached skill level 1 in Earth Magic
  1190 | D:2      | Reached skill level 1 in Poison Magic
  1303 | D:2      | Noticed Terence
  1489 | D:2      | Learned a level 2 spell: Static Discharge
  1493 | D:2      | Learned a level 3 spell: Swiftness
  1498 | D:2      | Learned a level 4 spell: Airstrike
  1515 | D:2      | Killed Terence
  1516 | D:2      | Reached XP level 5. HP: 37/37 MP: 3/12
  1713 | D:2      | Noticed Jessica
  1714 | D:2      | Killed Jessica
  1779 | D:2      | Found a runed translucent door.
  1780 | D:2      | Noticed Crazy Yiuf
  1923 | D:2      | Killed Crazy Yiuf
  2144 | D:3      | Found a shimmering altar of Xom.
  2144 | D:3      | Noticed Sigmund
  2151 | D:3      | Killed Sigmund
  2152 | D:3      | Reached skill level 5 in Dodging
  2152 | D:3      | Reached skill level 2 in Invocations
  2152 | D:3      | Reached XP level 6. HP: 44/44 MP: 4/14
  2686 | D:3      | Found a sparkling altar of Nemelex Xobeh.
  2687 | D:3      | Found an ancient bone altar of Kikubaaqudgha.
  2894 | D:3      | Found a glowing silver altar of Zin.
  3090 | D:4      | Reached XP level 7. HP: 35/51 MP: 3/15
  3331 | D:4      | Found a shimmering blue altar of Sif Muna.
  4111 | D:5      | Entered Level 5 of the Dungeon
  4114 | D:5      | Identified the +2 barding "Muitiqoz" {rF+}
  4121 | D:5      | Found a shadowy altar of Dithmenos.
  4448 | D:5      | Reached skill level 5 in Stealth
  4633 | D:5      | Reached skill level 3 in Invocations
  5619 | D:6      | Reached XP level 8. HP: 58/58 MP: 8/16
  5748 | D:6      | Found a blossoming altar of Fedhas.
  7002 | D:7      | Found a sand-covered staircase.
  7007 | Ossuary  | Entered an ossuary
  7594 | Ossuary  | Reached skill level 4 in Invocations
  7780 | Ossuary  | Learned a level 3 spell: Tukima's Dance
  7969 | D:7      | Reached XP level 9. HP: 61/65 MP: 3/18
  7972 | D:7      | Found a white marble altar of Elyvilon.
  8166 | D:7      | Found a staircase to the Ecumenical Temple.
  8177 | Temple   | Entered the Ecumenical Temple
  8421 | D:4      | Became a worshipper of Sif Muna the Loreminder
  8507 | D:7      | Noticed Duvessa
  8509 | D:7      | Noticed Dowan
  8516 | D:7      | Killed Dowan
  8526 | D:7      | Killed Duvessa
  8671 | D:7      | Noticed Pikel
  8674 | D:7      | Killed Pikel
  8746 | D:7      | Noticed Joseph
  8758 | D:7      | Killed Joseph
  8759 | D:7      | Reached skill level 5 in Invocations
  9402 | D:7      | Found an ornate altar of the Wu Jian Council.
  9596 | D:7      | Found a sparkling altar of Nemelex Xobeh.
  9707 | D:7      | Reached skill level 5 in Fighting
  9707 | D:7      | Reached skill level 5 in Short Blades
  9707 | D:7      | Reached skill level 5 in Long Blades
  9707 | D:7      | Reached skill level 5 in Axes
  9707 | D:7      | Reached skill level 5 in Maces & Flails
  9707 | D:7      | Reached skill level 5 in Polearms
  9707 | D:7      | Reached skill level 5 in Staves
  9707 | D:7      | Reached skill level 5 in Ranged Weapons
  9707 | D:7      | Reached skill level 5 in Throwing
  9707 | D:7      | Reached skill level 5 in Armour
  9707 | D:7      | Reached skill level 5 in Shields
  9707 | D:7      | Reached skill level 5 in Unarmed Combat
  9707 | D:7      | Reached skill level 5 in Evocations
  9707 | D:7      | Reached XP level 10. HP: 62/74 MP: 3/20
  9834 | D:7      | Found a broken altar of Ashenzari.
 10032 | D:7      | Found an iron altar of Okawaru.
 10676 | D:8      | Noticed Psyche
 10695 | D:8      | Killed Psyche
 10699 | D:8      | Reached skill level 5 in Conjurations
 10845 | D:8      | Reached * piety under Sif Muna
 11154 | D:8      | Reached skill level 6 in Invocations
 11174 | D:8      | Reached skill level 5 in Hexes
 11174 | D:8      | Reached skill level 5 in Summonings
 11174 | D:8      | Reached skill level 5 in Necromancy
 11174 | D:8      | Reached skill level 5 in Translocations
 11174 | D:8      | Reached skill level 5 in Transmutations
 11174 | D:8      | Reached skill level 5 in Fire Magic
 11174 | D:8      | Reached skill level 5 in Ice Magic
 11174 | D:8      | Reached skill level 5 in Earth Magic
 11174 | D:8      | Reached skill level 5 in Poison Magic
 11174 | D:8      | Reached skill level 7 in Invocations
 11174 | D:8      | Reached XP level 11. HP: 82/83 MP: 15/23
 11726 | D:9      | Found a flagged portal.
 11775 | Bailey   | Entered a bailey
 13315 | Bailey   | Found the +9 staff of Wucad Mu {*channel}
 13315 | Bailey   | Noticed an orc knight
 13315 | Bailey   | Noticed an orc knight
 13374 | Bailey   | Killed an orc knight
 13452 | Bailey   | Killed an orc knight
 13772 | D:9      | Found a staircase to the Orcish Mines.
 14281 | D:9      | Reached ** piety under Sif Muna
 16025 | D:9      | Found a snail-covered altar of Cheibriados.
 16288 | D:9      | Reached XP level 12. HP: 91/91 MP: 6/24
 16717 | D:9      | Found a basalt altar of Yredelemnul.
 16730 | D:9      | Found a runed translucent door.
 16743 | D:9      | Reached skill level 8 in Invocations
 16921 | D:9      | Found a blossoming altar of Fedhas.
 17017 | D:9      | Reached *** piety under Sif Muna
 17153 | D:9      | Found a broken altar of Ashenzari.
 17380 | D:9      | Found a sacrificial altar of Ru.
 17584 | D:9      | Found a glowing golden altar of the Shining One.
 17587 | D:9      | Found a shimmering altar of Xom.
 18088 | D:10     | Entered Level 10 of the Dungeon
 18096 | D:10     | Noticed a two-headed ogre
 18100 | D:10     | Killed a two-headed ogre
 19079 | D:10     | Reached **** piety under Sif Muna
 19871 | D:10     | Found a portal to a secret trove of treasure.
 20399 | D:10     | Found a sacrificial altar of Ru.
 20481 | D:10     | Found a runed translucent door.
 20481 | D:10     | Found a runed translucent door.
 20481 | D:10     | Found a runed translucent door.
 20481 | D:10     | Noticed a centaur warrior
 20481 | D:10     | Noticed a two-headed ogre
 20481 | D:10     | Noticed an ice dragon
 21362 | D:11     | Noticed a four-headed hydra
 21426 | D:11     | Killed a four-headed hydra
 22077 | D:11     | Found a staircase to the Lair.
 22238 | D:11     | Found a stormy altar of Qazlal.
 22601 | D:11     | Got the Omnibus of Petrous Vitiation
 22971 | D:11     | Learned a level 5 spell: Freezing Cloud
 23033 | Lair:1   | Entered Level 1 of the Lair of Beasts
 23535 | Lair:1   | Found a hide-covered altar of Uskayaw.
 23655 | Lair:1   | Noticed a four-headed hydra
 23665 | Lair:1   | Killed a four-headed hydra
 24231 | Lair:2   | Noticed Nergalle
 24241 | Lair:1   | Killed Nergalle
 24242 | Lair:1   | Reached skill level 9 in Invocations
 24242 | Lair:1   | Reached XP level 13. HP: 79/98 MP: 3/26
 26561 | Lair:2   | Reached skill level 10 in Spellcasting
 26583 | Lair:2   | Reached ***** piety under Sif Muna
 27522 | Lair:2   | Received a gift from Sif Muna
 27685 | Lair:2   | Found a staircase to the Swamp.
 27907 | Lair:3   | Reached skill level 10 in Dodging
 29073 | Lair:3   | Found a staircase to the Snake Pit.
 29144 | Lair:3   | Reached skill level 10 in Stealth
 30169 | Snake:1  | Entered Level 1 of the Snake Pit
 30534 | Lair:4   | Reached skill level 10 in Invocations
 30853 | Lair:4   | Reached XP level 14. HP: 71/108 MP: 15/28
 31843 | Lair:5   | Found a staircase to the Slime Pits.
 31843 | Lair:5   | Found a viscous altar of Jiyva.
 32640 | Lair:5   | Received a gift from Sif Muna
 33570 | Lair:5   | Identified the +1 leather armour of the Northern Lights
                  | {Rampage Fly Int-5 Stlth+}
 34146 | Lair:6   | Entered Level 6 of the Lair of Beasts
 34385 | Lair:6   | Noticed Urug
 34390 | Lair:6   | Killed Urug
 34551 | Lair:6   | Reached skill level 10 in Air Magic
 34960 | Lair:6   | Reached skill level 10 in Fighting
 34960 | Lair:6   | Reached skill level 10 in Short Blades
 34960 | Lair:6   | Reached skill level 10 in Long Blades
 34960 | Lair:6   | Reached skill level 10 in Axes
 34960 | Lair:6   | Reached skill level 10 in Maces & Flails
 34960 | Lair:6   | Reached skill level 10 in Polearms
 34960 | Lair:6   | Reached skill level 10 in Staves
 34960 | Lair:6   | Reached skill level 10 in Ranged Weapons
 34960 | Lair:6   | Reached skill level 10 in Throwing
 34960 | Lair:6   | Reached skill level 10 in Armour
 34960 | Lair:6   | Reached skill level 10 in Shields
 34960 | Lair:6   | Reached skill level 10 in Unarmed Combat
 34960 | Lair:6   | Reached skill level 10 in Evocations
 35098 | Lair:6   | Reached skill level 11 in Invocations
 35098 | Lair:6   | Reached XP level 15. HP: 112/115 MP: 18/30
 35796 | Lair:6   | Received a gift from Sif Muna
 35799 | Lair:6   | Got Sischoqa's Vellum of Aerial Bedrock {god gift}
 35806 | Lair:6   | Learned a level 5 spell: Borgnjor's Vile Clutch
 36524 | D:12     | Found Moupt's Assorted Antiques.
 36657 | D:12     | Bought an encrusted tourmaline ring for 170 gold pieces
 37143 | D:12     | Bought a glowing iron wand for 136 gold pieces
 38282 | D:13     | Learned a level 5 spell: Irradiate
 39494 | D:14     | Found a gate to the Vaults.
 40415 | D:14     | Gained mutation: You are strong-willed. (Will+) [potion of
                  | mutation]
 40415 | D:14     | Gained mutation: You occasionally shout uncontrollably at
                  | your foes. [potion of mutation]
 40416 | D:14     | Lost mutation: You are strong-willed. (Will+) [potion of
                  | mutation]
 40416 | D:14     | Lost mutation: You occasionally shout uncontrollably at
                  | your foes. [potion of mutation]
 40416 | D:14     | Gained mutation: You passively map a small area around you.
                  | [potion of mutation]
 40416 | D:14     | Gained mutation: You have large cloven feet. [potion of
                  | mutation]
 40417 | D:14     | Lost mutation: You have large cloven feet. [potion of
                  | mutation]
 40417 | D:14     | Lost mutation: You passively map a small area around you.
                  | [potion of mutation]
 40417 | D:14     | Gained mutation: You are somewhat resistant to further
                  | mutation. [potion of mutation]
 40417 | D:14     | Gained mutation: You are somewhat resistant to both further
                  | mutation and mutation removal. [potion of mutation]
 40607 | Orc:1    | Entered Level 1 of the Orcish Mines
 40608 | Orc:1    | Noticed Sonja
 40615 | Orc:1    | Killed Sonja
 40616 | Orc:1    | Reached XP level 16. HP: 107/122 MP: 8/32
 41093 | Orc:1    | Reached skill level 12 in Invocations
 41113 | Orc:1    | Noticed Erica
 41116 | Orc:1    | Killed Erica
 41127 | Orc:1    | Noticed Harold
 41137 | Orc:1    | Killed Harold
 41514 | Orc:1    | Paralysed by an orc sorcerer for 2 turns
 41858 | Orc:2    | Entered Level 2 of the Orcish Mines
 41858 | Orc:2    | Found a staircase to the Elven Halls.
 42535 | Orc:2    | Received a gift from Sif Muna
 42750 | Orc:2    | Found Nesilos's Antique Armour Boutique.
 42754 | Orc:2    | Found Ralug's Magic Scroll Boutique.
 42819 | Orc:2    | Bought a shiny helmet for 277 gold pieces
 42858 | Orc:2    | Found Cobalar's Jewellery Shoppe.
 42863 | Orc:2    | Bought the ring of Jostruram {Contam rN+ Will+ rCorr Int+6}
                  | for 634 gold pieces
 42925 | Orc:2    | Found Beodghup's Jewellery Shop.
 43140 | Orc:2    | Bought a distressingly furry leather armour for 259 gold
                  | pieces
 43140 | Orc:2    | Identified the +3 leather armour "Zud Zyd" {-Tele rElec
                  | rN+++ SInv} (You bought it in a shop on level 2 of the
                  | Orcish Mines)
 43232 | Orc:2    | Noticed Jorgrun
 43239 | Orc:2    | Killed Jorgrun
 45032 | Snake:1  | Reached skill level 10 in Conjurations
 45453 | Snake:2  | Learned a level 6 spell: Statue Form
 46707 | Snake:3  | Noticed Aizul
 46727 | Snake:3  | Killed Aizul
 46728 | Snake:3  | Reached XP level 17. HP: 39/133 MP: 4/33
 47280 | Snake:3  | Reached skill level 10 in Hexes
 47280 | Snake:3  | Reached skill level 10 in Summonings
 47280 | Snake:3  | Reached skill level 10 in Necromancy
 47280 | Snake:3  | Reached skill level 10 in Translocations
 47280 | Snake:3  | Reached skill level 10 in Transmutations
 47280 | Snake:3  | Reached skill level 10 in Fire Magic
 47280 | Snake:3  | Reached skill level 10 in Ice Magic
 47280 | Snake:3  | Reached skill level 10 in Earth Magic
 47280 | Snake:3  | Reached skill level 10 in Poison Magic
 47280 | Snake:3  | Noticed Mara
 47284 | Snake:3  | Noticed Malachi's illusion
 47289 | Snake:3  | Killed Mara
 48050 | Snake:3  | Reached skill level 13 in Invocations
 48967 | Snake:4  | Entered Level 4 of the Snake Pit
 48995 | Snake:4  | Received a gift from Sif Muna
 48998 | Snake:4  | Got Sif Muna's Cyclopedia of Assembled Peregrination {god
                  | gift}
 49333 | Snake:4  | Noticed Louise
 49346 | Snake:4  | Killed Louise
 49465 | Snake:4  | Noticed Saint Roka
 49484 | Snake:4  | Killed Saint Roka
 50113 | Snake:4  | Noticed a quicksilver dragon
 50117 | Snake:4  | Noticed a quicksilver dragon
 50120 | Snake:4  | Killed a quicksilver dragon
 50125 | Snake:4  | Killed a quicksilver dragon
 50724 | Snake:4  | Reached XP level 18. HP: 141/141 MP: 35/35
 51289 | Snake:4  | Got a serpentine rune of Zot
 51575 | Snake:4  | Upgraded the game from 0.29-a0-866-g0545e20025 to
                  | 0.29-a0-872-g797fff5ad1
 51576 | Snake:4  | Upgraded the game from 0.29-a0-872-g797fff5ad1 to
                  | 0.29-a0-878-g7b45a56547
 51700 | Swamp:1  | Entered Level 1 of the Swamp
 51762 | Swamp:1  | Noticed Roxanne
 51793 | Swamp:1  | Killed Roxanne
 52238 | Swamp:1  | Noticed Frances
 52252 | Swamp:1  | Killed Frances
 52869 | Swamp:1  | Identified the ring of the Scarab {rCorr Str+4 Dex+6}
 53624 | Swamp:2  | Received a gift from Sif Muna
 53636 | Swamp:2  | Learned a level 4 spell: Dispel Undead
 54222 | Swamp:3  | Identified the +8 halberd "Ulehup" {flame, MP+9 Dex+5}
 54728 | Swamp:4  | Entered Level 4 of the Swamp
 55098 | Swamp:4  | Reached skill level 14 in Invocations
 56468 | Swamp:4  | Got a decaying rune of Zot
 56763 | D:15     | Entered Level 15 of the Dungeon
 56777 | D:15     | Noticed Azrael
 56791 | D:15     | Killed Azrael
 56813 | D:15     | Received a gift from Sif Muna
 56816 | D:15     | Got Cintosen's Secrets of Inconstant Fascination {god gift}
 57428 | D:15     | Noticed Agnes
 57434 | D:15     | Killed Agnes
 57753 | D:15     | Noticed Kirke
 57758 | D:15     | Reached XP level 19. HP: 149/149 MP: 24/37
 57761 | D:15     | Killed Kirke
 57852 | D:15     | Found a staircase to the Depths.
 58273 | Vaults:1 | Entered Level 1 of the Vaults
 58358 | Vaults:1 | Learned a level 6 spell: Eringya's Noxious Bog
 59235 | Vaults:1 | Identified the +3 long sword "Itiog" {pain, Contam rC+
                  | Stlth+}
 59342 | Vaults:1 | Found Bygerr's General Store.
 59347 | Vaults:1 | Bought the +3 crown of Dyrovepreva {rElec Int+2 SInv} for
                  | 786 gold pieces
 59347 | Vaults:1 | Found the +3 crown of Dyrovepreva {rElec Int+2 SInv}
 60279 | Vaults:1 | Received a gift from Sif Muna
 60293 | Vaults:1 | Got Sif Muna's Papyrus of Hurtful Blight {god gift}
 61023 | Vaults:2 | Reached skill level 15 in Invocations
 61096 | Vaults:2 | Found a flickering gateway to a bazaar.
 61109 | Bazaar   | Entered a bazaar
 61109 | Bazaar   | Found Yhoilu's Antique Weapon Shoppe.
 61109 | Bazaar   | Found Haistrucw's Book Shoppe.
 61109 | Bazaar   | Found Reqocw's Magic Scroll Shop.
 61111 | Bazaar   | Found Ramuzeq's Assorted Antiques.
 61111 | Bazaar   | Found Roraid's Assorted Antiques.
 61158 | Bazaar   | Bought a scroll of teleportation for 72 gold pieces
 61174 | Bazaar   | Bought a Necronomicon for 896 gold pieces
 61174 | Bazaar   | Bought Ozocubu's Autobiography for 384 gold pieces
 61234 | Vaults:2 | Reached XP level 20. HP: 104/158 MP: 20/38
 61260 | Vaults:2 | Paralysed by a great orb of eyes for 5 turns
 61261 | Vaults:2 | Killed from afar by an ancient champion

Illustrated notes

Levels and vault maps discovered:
D:1:      nagdon_arrival_double_spiral, layout_basic
D:2:      layout_rooms, uniq_crazy_yiuf_cottage, uniq_terence, uniq_jessica
D:3:      layout_loops_ring, mainiacjoe_overflow_alcove_1, xom_teletrap_fun,
          mainiacjoe_overflow_divided_tiny, kennysheep_flooded_box, uniq_sigmund
D:4:      layout_basic, mainiacjoe_overflow_tiny_flanked
D:5:      layout_gridville, nicolae_dithmenos_the_darkroom
D:6:      layout_basic, mainiacjoe_overflow_catwalk, mumra_transporter_accident,
          corexii_item_surrounded_by_moat, grunt_decor_resistance
D:7:      layout_cave_pools, grunt_ashenzari_visionary
          [grunt_ashenzari_visionary_swamp, grunt_ashenzari_visionary_snake],
          mainiacjoe_overflow_small_starburst, lemuel_tele_altar,
          old_standard_altar, minmay_temple_entry_large_hall, enter_ossuary_5,
          kennysheep_diamond, minmay_misc_feat_square, hangedman_misty_isle,
          uniq_pikel, uniq_joseph, uniq_duvessa
D:8:      layout_basic, kennysheep_generic_room_5, uniq_psyche
D:9:      due_megacathedral, layout_rooms, chei_slow_surprise,
          kennysheep_orc_monster_closet_entryway, enter_bailey_2
D:10:     minmay_the_grid_triangle_9x9_rhombus_full
          [minmay_the_grid_triangle_9x9_corruption,
          minmay_the_grid_triangle_9x9_checkered,
          minmay_the_grid_triangle_9x9_semitri,
          minmay_the_grid_triangle_9x9_fully_insulated_deathbox,
          minmay_the_grid_triangle_9x9_zippers_vertical,
          minmay_the_grid_triangle_9x9_windchime,
          minmay_the_grid_triangle_9x9_intruding_spiral,
          minmay_the_grid_triangle_9x9_prize_insulated], layout_basic,
          marbit_many_paths, enter_trove_1, minmay_misc_feat_five
D:11:     layout_stronghold, erik_lair_island, grunt_qazlal_clouds
D:12:     layout_roguey, serial_shops, shop
D:13:     layout_stronghold, library_closet, nicolae_figureground_pulse
D:14:     layout_roguey, erik_vaults_2, minmay_misc_feat_cross
D:15:     hangedman_depths_entry_civil_slaughter, layout_grid_maze,
          grunt_decor_mini_mirrors, minmay_misc_feat_ornament, uniq_kirke,
          uniq_azrael, uniq_agnes
Temple:   hellmonk_temple_forest_ring
Lair:1:   layout_roguey, basic_altar, serial_bayou_shore_b
Lair:2:   nzn_winding_woodlands_medium [nzn_winding_woodlands_5x5_default,
          nzn_winding_woodlands_5x15_river_crossing,
          nzn_winding_woodlands_5x5_closed_star,
          nzn_winding_woodlands_5x5_open_star,
          nzn_winding_woodlands_center_lodge,
          nzn_winding_woodlands_5x5_checkerboard,
          nzn_winding_woodlands_5x5_default,
          nzn_winding_woodlands_5x15_split_checker,
          nzn_winding_woodlands_5x5_perimeter], layout_concentric_octagons,
          nicolae_swamp_entry_splash_gauntlet, uniq_nergalle
Lair:3:   layout_regular_city, guppyfry_snake_entry_island
Lair:4:   layout_cave_pods
Lair:5:   minmay_lair_oklob_tunnel, layout_misc_corridors, slime_entry_1,
          minmay_hedge_maze
Lair:6:   evilmike_catoblepas_cave, layout_gridlike, worms_lemuel, uniq_urug
Swamp:1:  layout_basic_swamp, serial_swamp_ruin, evilmike_swamp_ruin_house_5,
          evilmike_swamp_ruin_rubble_1, evilmike_swamp_ruin_house_1,
          uniq_frances, uniq_roxanne
Swamp:2:  layout_basic_swamp, evilmike_swamp_ruin_house_6, swamp_pool4,
          nicolae_swamp_snake_nest
Swamp:3:  layout_basic_swamp, hangedman_swamp_ruin_hall
Swamp:4:  swamp_icy, layout_basic_swamp
Snake:1:  layout_onion, drop_trap
Snake:2:  layout_cave_town
Snake:3:  kennysheep_snake, layout_onion_interference, uniq_aizul, uniq_mara
Snake:4:  hellmonk_snake_rune_quicksilver_temple, layout_basic, uniq_saint_roka,
          uniq_louise
Orc:1:    minmay_goldmine, layout_caves, uniq_harold, uniq_sonja, uniq_erica,
          uniq_gastronok
Orc:2:    hellmonk_orc_salted, layout_caves, uniq_jorgrun
Vaults:1: nicolae_vaults_twisting_passages, grunt_vaults_trifunnel,
          grunt_vaults_focal, vaults_room_ringed_pool, st_octagons_2,
          ontoclasm_vaults_gateway, v_misc_30, nicolae_vaults_network_s,
          vaults_room_stairs_pillars, vaults_dpeg_ring,
          nicolae_vaults_specimen_jars, layout_vaults_omnicross, serial_shops,
          nicolae_shop_crystal
Vaults:2: mu_enter_wizlab_2, minmay_crypt_entry_simple_walls,
          nicolae_vaults_triangles, hangedman_vaults_river_flow,
          hangedman_vaults_hat, dpeg_vaults_pockets_of_resistance,
          vaults_room_large_hall, v_misc_28,
          vaults_room_grunt_arrival_checkpoint, nicolae_vaults_little_squares_5,
          layout_vaults_ring, serial_shops, bzr_entry_islet

Skill      XL: |  1  2  3  4  5  6  7  8  9 10 11 12 13 14 15 16 17 18 19 20 |
---------------+-------------------------------------------------------------+-----
Conjurations   | 2 3 4 5 6 7 8 9 10 11 12 | 12.0
Spellcasting   | 5 6 7 8 9 10 11 12 13 14 | 14.7
Invocations    | 1 2 3 4 5 7 9 10 11 12 13 14 15 | 15.1
Fighting       | 1 2 3 5 6 7 8 9 10 11 12 13 | 13.9
Short Blades   | 1 2 3 5 6 7 8 9 10 11 12 13 | 13.9
Long Blades    | 1 2 3 5 6 7 8 9 10 11 12 13 | 13.9
Axes           | 1 2 3 5 6 7 8 9 10 11 12 13 | 13.9
Maces & Flails | 1 2 3 5 6 7 8 9 10 11 12 13 | 13.9
Polearms       | 1 2 3 5 6 7 8 9 10 11 12 13 | 13.9
Staves         | 1 2 3 5 6 7 8 9 10 11 12 13 | 13.9
Ranged Weapons | 1 2 3 5 6 7 8 9 10 11 12 13 | 13.9
Throwing       | 1 2 3 5 6 7 8 9 10 11 12 13 | 13.9
Armour         | 1 2 3 5 6 7 8 9 10 11 12 13 | 13.9
Shields        | 1 2 3 5 6 7 8 9 10 11 12 13 | 13.9
Unarmed Combat | 1 2 3 5 6 7 8 9 10 11 12 13 | 13.9
Evocations     | 1 2 3 5 6 7 8 9 10 11 12 13 | 13.9
Hexes          | 1 2 3 4 5 6 7 8 9 10 11 | 11.8
Summonings     | 1 2 3 4 5 6 7 8 9 10 11 | 11.8
Necromancy     | 1 2 3 4 5 6 7 8 9 10 11 | 11.8
Translocations | 1 2 3 4 5 6 7 8 9 10 11 | 11.8
Transmutations | 1 2 3 4 5 6 7 8 9 10 11 | 11.8
Fire Magic     | 1 2 3 4 5 6 7 8 9 10 11 | 11.8
Ice Magic      | 1 2 3 4 5 6 7 8 9 10 11 | 11.8
Earth Magic    | 1 2 3 4 5 6 7 8 9 10 11 | 11.8
Poison Magic   | 1 2 3 4 5 6 7 8 9 10 11 | 11.8
Dodging        | 5 6 8 9 10 11 12 13 14 | 14.6
Stealth        | 5 6 7 8 9 10 11 12 13 14 | 14.5
Air Magic      | 6 7 8 9 10 11 12 13 | 13.0

Action                   |  1- 3 |  4- 6 |  7- 9 | 10-12 | 13-15 | 16-18 | 19-21 || total
-------------------------+-------+-------+-------+-------+-------+-------+-------++-------
Melee: Unarmed           |     1 |       |       |       |       |    11 |       ||    12
       Quarterstaff      |       |     7 |    10 |       |       |       |       ||    17
       Bite              |       |     1 |     9 |    14 |     7 |     2 |       ||    33
       Falchion          |       |       |    36 |   145 |    13 |       |       ||   194
       Punch             |       |       |     1 |     7 |     3 |       |       ||    11
       Staff             |       |       |       |    22 |    69 |       |       ||    91
 Fire: Arbalest          |       |       |       |       |   260 |   844 |   245 ||  1349
 Cast: Shock             |    46 |    73 |   190 |   106 |    60 |    15 |       ||   490
       Airstrike         |       |     5 |    30 |   178 |   221 |    30 |       ||   464
       Static Discharge  |       |    10 |    28 |   113 |    40 |    38 |    24 ||   253
       Swiftness         |       |       |     1 |     2 |     5 |     1 |       ||     9
       Tukima's Dance    |       |       |     5 |     7 |       |     3 |       ||    15
       Freezing Cloud    |       |       |       |       |    83 |    78 |    11 ||   172
       Borgnjor's Vile C |       |       |       |       |    24 |    98 |       ||   122
       Irradiate         |       |       |       |       |     3 |    49 |    12 ||    64
       Statue Form       |       |       |       |       |       |    54 |    21 ||    75
       Dispel Undead     |       |       |       |       |       |     5 |     7 ||    12
       Eringya's Noxious |       |       |       |       |       |       |    13 ||    13
Invok: Channel Magic     |       |       |       |     2 |     4 |     9 |       ||    15
       Forget Spell      |       |       |       |       |       |       |     1 ||     1
Evoke: Wand              |       |       |     2 |    25 |       |     6 |       ||    33
       Piece from Xom's  |       |       |       |     1 |       |       |       ||     1
       Box of beasts     |       |       |       |     1 |       |       |       ||     1
       Condenser vane    |       |       |       |       |     1 |     3 |       ||     4
       Lightning rod     |       |       |       |       |       |     2 |       ||     2
       Phantom mirror    |       |       |       |       |       |     1 |       ||     1
  Use: Scroll            |       |     4 |     5 |    15 |    10 |     9 |     7 ||    50
       Potion            |       |       |       |     4 |     4 |     3 |     1 ||    12
 Stab: Paralysed         |       |       |     3 |       |       |       |       ||     3
       Sleeping          |       |       |       |     4 |       |       |       ||     4
Armor: Robe              |       |     2 |    13 |       |       |    17 |     1 ||    33
       Steam dragon scal |       |       |     3 |    94 |       |       |       ||    97
       Ring mail         |       |       |       |     8 |       |       |       ||     8
       Troll leather arm |       |       |       |    17 |    77 |    17 |       ||   111
       Skin              |       |       |       |       |       |   198 |   157 ||   355
Dodge: Dodged            |     3 |     8 |   108 |   362 |   316 |   687 |   366 ||  1850
       Repelled          |       |       |       |       |       |    38 |     5 ||    43
Block: Other             |       |       |       |       |    49 |   109 |    91 ||   249
       Reflection        |       |       |       |       |     7 |    12 |     9 ||    28

Table legend: (Time is in decaauts)
 A = Elapsed time spent in this place.
 B = Non-inter-level travel time spent in this place.
 C = Inter-level travel time spent in this place.
 D = Time resting spent in this place.
 E = Time spent auto-exploring this place.
 F = Levels seen in this place.
 G = Mean time per level.
                   A        B        C        D        E       F      G
               +--------+--------+--------+--------+--------+-----+--------+
         Total |  63937 |  61207 |   2730 |  22512 |  26627 |  37 | 1728.0 |
       Dungeon |  26896 |  25519 |   1377 |   9116 |  12528 |  15 | 1793.1 |
        Temple |    163 |    149 |     14 |      0 |    141 |   1 |  163.0 |
          Lair |  13456 |  12821 |    635 |   5066 |   5223 |   6 | 2242.7 |
         Swamp |   5949 |   5772 |    177 |   1467 |   3308 |   4 | 1487.2 |
     Snake Pit |   8722 |   8357 |    365 |   3596 |   2959 |   4 | 2180.5 |
  Orcish Mines |   2932 |   2809 |    123 |    975 |    771 |   2 | 1466.0 |
        Vaults |   2995 |   2958 |     37 |    445 |   1681 |   2 | 1497.5 |
        Bazaar |     96 |     96 |      0 |      0 |      0 |   1 |   96.0 |
       Ossuary |    773 |    773 |      0 |    593 |     15 |   1 |  773.0 |
        Bailey |   1951 |   1951 |      0 |   1252 |      0 |   1 | 1951.0 |
               +--------+--------+--------+--------+--------+-----+--------+

Top non-repeatable levels by time:
     D:9: 3573 daAuts
  Lair:2: 3439 daAuts
    D:10: 2936 daAuts
 Snake:3: 2786 daAuts
 Snake:4: 2678 daAuts
Vaults:1: 2508 daAuts
     D:8: 2491 daAuts
  Lair:3: 2474 daAuts
  Lair:5: 2392 daAuts
 Swamp:4: 2283 daAuts
    D:14: 2223 daAuts
     D:7: 2144 daAuts
  Lair:6: 2126 daAuts
  Bailey: 1951 daAuts
    D:11: 1916 daAuts
